 Dungeon Crawl Stone Soup version 0.32-a0-779-g362cfcae2a (webtiles) character file.

Game seed: 2737852761327054411

263684 hikkokomori the Scorcher (level 19, -3/185 HPs)
             Began as a Mountain Dwarf Fighter on Mar 19, 2024.
             Was the Champion of Ashenzari.
             Slain by Polyphemus (32 damage)
             ... on level 3 of the Shoals.
             The game lasted 01:59:23 (52234 turns).

hikkokomori the Scorcher (Mountain Dwarf Fighter)  Turns: 52234, Time: 01:59:23

Health: -3/185     AC: 27    Str: 20    XL:     19   Next: 63%
Magic:  2/42       EV: 10    Int: 18    God:    Ashenzari [******]
Gold:   3912       SH:  7    Dex: 10    Spells: 16/56 levels left

rFire   + . .        P - +11 lance "Wyrmbane" {slay drac, rPois rF+ rC+ AC+3, Sorc, Self} (curse)
rCold   + + +        c - +0 buckler "Cursed Augurer" {Sorc, Dev} (curse)
rNeg    + . .        k - +4 chain mail of the Prescient Repose {Will+, Fort, Self} (curse)
rPois   +            H - +2 hat of the Cursed Fetters {Comp, Self} (curse)
rElec   +            v - scarf "Ensconced Together" {rC+ rF+, Fort, Elem} (curse)
rCorr   +            G - +0 pair of fencer's gloves {Riposte Dex+3, Melee, Elem} (curse)
SInv    +            x - +1 pair of boots "Tethered Together" {Elem, Melee} (curse)
Will    +....        o - amulet "Dogma of Ashenzari" {Acrobat, Melee, Sorc} (curse) Stlth
                     Z - ring of the Chained Planets {Wiz Int+2, Self, Cun} (curse)
HPRegen 0.50/turn    D - ring "Yoke of the Bound God" {Ice rElec rN+ rCorr Dex-2, Fort, Sorc} (curse)
MPRegen 0.28/turn

%: acrobat, clarity, wizardry (x1)
@: weak-willed, slightly contaminated, studying 2 skills, very slow
A: runic magic, artefact enchanting
}: 1/15 runes: serpentine
a: Renounce Religion, Shatter the Chains


You were on level 3 of the Shoals.
You worshipped Ashenzari.
Ashenzari was exalted by your worship.
You visited 7 branches of the dungeon, and saw 33 of its levels.
You visited the Abyss 1 time.
You also visited: Bailey.

You collected 5375 gold pieces.
You spent 1463 gold pieces at shops.

Inventory:

Hand Weapons
 P - the cursed +11 lance "Wyrmbane" (weapon) {slay drac, rPois rF+ rC+ AC+3, Sorc, Self}
   (You took it off a kobold demonologist in a bailey)

   AC+3:      It affects your AC (+3).
   rF+:       It protects you from fire.
   rC+:       It protects you from cold.
   rPois:     It protects you from poison.
   It has a curse which improves the following skills: Sorcery: Conjurations and
   Alchemy.
   Introspection: Fighting and Spellcasting.
Missiles
 B - 4 throwing nets (quivered)
Armour
 c - the cursed +0 buckler "Cursed Augurer" (worn) {Sorc, Dev}

   It has a curse which improves the following skills: Sorcery: Conjurations and
   Alchemy.
   Devices:   Evocations and Shapeshifting.
 k - the cursed +4 chain mail of the Prescient Repose (worn) {Will+, Fort, Self}
   (You took it off Asterion on level 3 of the Elven Halls)

   It has a curse which improves the following skills: Fortitude: Armour and
   Shields.
   Introspection: Fighting and Spellcasting.
 m - a +0 tower shield
 r - +0 storm dragon scales
 v - the cursed scarf "Ensconced Together" (worn) {rC+ rF+, Fort, Elem}
   (You found it on level 3 of the Dungeon)

   It has a curse which improves the following skills: Fortitude: Armour and
   Shields.
   Elements:  Fire Magic, Ice Magic, Air Magic and Earth Magic.
 x - the cursed +1 pair of boots "Tethered Together" (worn) {Elem, Melee}
   (You found it on level 5 of the Lair of Beasts)

   It has a curse which improves the following skills: Elements: Fire Magic, Ice
   Magic, Air Magic and Earth Magic.
   Melee Combat: Short Blades, Long Blades, Axes, Maces & Flails, Polearms,
   Staves and Unarmed Combat.
 G - the cursed +0 pair of fencer's gloves (worn) {Riposte Dex+3, Melee, Elem}
   (You acquired it on level 8 of the Dungeon)

   Riposte:   It allows the wearer to riposte with melee weapons, swiftly
   retaliating against missed or blocked melee attacks.
   Dex+3:     It affects your dexterity (+3).
   It has a curse which improves the following skills: Melee Combat: Short
   Blades, Long Blades, Axes, Maces & Flails, Polearms, Staves and Unarmed
   Combat.
   Elements:  Fire Magic, Ice Magic, Air Magic and Earth Magic.
 H - the cursed +2 hat of the Cursed Fetters (worn) {Comp, Self}
   (You took it off Gastronok on level 2 of the Lair of Beasts)

   It has a curse which improves the following skills: Companions: Summonings
   and Necromancy.
   Introspection: Fighting and Spellcasting.
 R - the +0 plate armour of Discretion {Int+5}
   (You found it on level 3 of the Elven Halls)

   Int+5:     It affects your intelligence (+5).
Jewellery
 o - the cursed amulet "Dogma of Ashenzari" (around neck) {Acrobat, Melee, Sorc}
   (You found it on level 2 of the Dungeon)

   [amulet of the acrobat]

   Acrobat:   It increases your evasion while moving and waiting.
   It has a curse which improves the following skills: Melee Combat: Short
   Blades, Long Blades, Axes, Maces & Flails, Polearms, Staves and Unarmed
   Combat.
   Sorcery:   Conjurations and Alchemy.
 D - the cursed ring "Yoke of the Bound God" (right hand) {Ice rElec rN+ rCorr Dex-2, Fort, Sorc}
   (You acquired it in a bailey)

   [ring of ice]

   Ice:       It enhances your ice magic.
   Dex-2:     It affects your dexterity (-2).
   rF-:       It makes you vulnerable to fire.
   rC+:       It protects you from cold.
   rElec:     It insulates you from electricity.
   rN+:       It protects you from negative energy.
   rCorr:     It protects you from acid and corrosion.
   It has a curse which improves the following skills: Fortitude: Armour and
   Shields.
   Sorcery:   Conjurations and Alchemy.
 N - the amulet of Midwinter {RegenMP+ Str+3 Int-4 Dex+4}
   (You found it on level 3 of the Elven Halls)

   [amulet of magic regeneration]

   It increases your rate of magic regeneration.
   Str+3:     It affects your strength (+3).
   Int-4:     It affects your intelligence (-4).
   Dex+4:     It affects your dexterity (+4).
   RegenMP+:  It increases your rate of magic regeneration.
 Z - the cursed ring of the Chained Planets (left hand) {Wiz Int+2, Self, Cun}
   (You found it on level 4 of the Lair of Beasts)

   [ring of wizardry]

   Wiz:       It improves your spell success rate.
   Int+2:     It affects your intelligence (+2).
   It has a curse which improves the following skills: Introspection: Fighting
   and Spellcasting.
   Cunning:   Dodging and Stealth.
Wands
 j - a wand of flame (34)
 l - a wand of iceblast (18)
 n - a wand of polymorph (6)
 s - a wand of mindburst (5)
 K - a wand of charming (30)
 T - a wand of digging (1)
Scrolls
 b - 4 scrolls of revelation
 f - 4 scrolls of enchant armour
 h - 11 scrolls of teleportation
 p - 4 scrolls of noise
 A - 6 scrolls of fear
 E - 3 scrolls of torment
 F - 7 scrolls of vulnerability
 I - 3 scrolls of poison
 L - 6 scrolls of blinking
 Q - 4 scrolls of amnesia
 S - 5 scrolls of fog
 V - 3 scrolls of silence
 W - 3 scrolls of enchant weapon
Potions
 a - 3 potions of haste
 d - 4 potions of attraction
 g - 4 potions of resistance
 i - 5 potions of lignification
 q - 2 potions of invisibility
 t - 5 potions of magic
 u - 3 potions of might
 z - 7 potions of curing
 C - 2 potions of heal wounds
 J - a potion of cancellation
 M - 4 potions of mutation
 O - 3 potions of brilliance
 U - 2 potions of ambrosia
Miscellaneous
 e - a lightning rod (4/4)
 y - a phantom mirror
 X - a phial of floods


   Skills:
 - Level 14.3(20.0) Fighting
 - Level 9.9(15.7) Axes
 - Level 4.7(11.0) Maces & Flails
 - Level 6.7(12.4) Polearms
 - Level 12.4(17.1) Armour
 - Level 4.7(7.0) Dodging
 - Level 3.1(5.2) Stealth
 + Level 9.6(14.3) Shields
 + Level 13.5(19.2) Spellcasting
 + Level 13.1(18.8) Conjurations
 + Level 16.6(21.2) Fire Magic
 - Level 6.0(10.6) Ice Magic
 - Level 2.5(6.1) Air Magic
 - Level 7.2(12.8) Alchemy
 + Level 11.9(14.3) Evocations


You had 16 spell levels left.
You knew the following spells:

 Your Spells              Type           Power      Damage    Failure   Level
a - Olgreb's Toxic Radia  Alch           59%        N/A       1%          4
b - Ignite Poison         Fire/Alch      68%        N/A       1%          4
c - Freezing Cloud        Conj/Ice/Air   37%        6-21      1%          5
d - Irradiate             Conj/Alch      32%        3d22      1%          5
e - Fireball              Conj/Fire      36%        3d15      1%          5
f - Fire Storm            Conj/Fire      36%        8d9       45%         9
g - Ignition              Fire           38%        3d11      2%          8

Your spell library contained the following spells:

 Spells                   Type           Power      Damage    Failure   Level
 Foxfire                  Conj/Fire      100%       2x1d9     0%          1
 Sting                    Conj/Alch      100%       1d9       0%          1
 Flame Wave               Conj/Fire      73%        2d16      0%          4
 Apportation              Tloc           34%        N/A       1%          1
 Freeze                   Ice            100%       1d10      1%          1
 Shock                    Conj/Air       100%       1d9       1%          1
 Slow                     Hex            68%        N/A       1%          1
 Cigotuvi's Dreadful Rot  Necr/Alch/Air  80%        N/A       1%          2
 Mercury Vapours          Alch/Air       100%       N/A       1%          2
 Frozen Ramparts          Ice            100%       1d16      1%          3
 Hailstorm                Conj/Ice       81%        3d14      1%          3
 Inner Flame              Hex/Fire       53%        N/A       1%          3
 Stone Arrow              Conj/Erth      100%       3d13      1%          3
 Summon Ice Beast         Ice/Summ       53%        N/A       1%          3
 Swiftness                Air            39%        N/A       1%          3
 Airstrike                Air            19%        2d(3-19)  1%          4
 Iskenderun's Mystic Bla  Conj/Tloc      50%        2d11      1%          4
 Leda's Liquefaction      Alch/Erth      20%        N/A       1%          4
 Petrify                  Alch/Erth      41%        N/A       1%          4
 Sticky Flame             Fire/Alch      68%        2d11      1%          4
 Alistair's Intoxication  Alch           39%        N/A       1%          5
 Iskenderun's Battlesphe  Conj           71%        2d12      1%          5
 Eringya's Noxious Bog    Alch           29%        4d6       1%          6
 Plasma Beam              Fire/Air       30%        2x1d43    1%          6
 Call Imp                 Summ           36%        N/A       2%          2
 Sublimation of Blood     Necr           18%        N/A       2%          2
 Sculpt Simulacrum        Ice/Alch       36%        N/A       2%          6
 Jinxbite                 Hex            34%        N/A       3%          2
 Lesser Beckoning         Tloc           34%        N/A       3%          2
 Vampiric Draining        Necr           18%        2d7       5%          3
 Confusing Touch          Hex            17%        N/A       6%          3
 Gell's Gravitas          Tloc           17%        N/A       6%          3
 Teleport Other           Tloc           17%        N/A       6%          3
 Metabolic Englaciation   Hex/Ice        26%        N/A       6%          5
 Animate Armour           Summ/Erth      38%        N/A       16%         4
 Cause Fear               Hex            8%         N/A       19%         4
 Permafrost Eruption      Ice/Erth       27%        2x4d8     28%         6
 Summon Forest            Summ/Tloc      8%         N/A       43%         5
 Summon Mana Viper        Hex/Summ       17%        N/A       43%         5
 Lehudib's Crystal Spear  Conj/Erth      25%        10d7      90%         8
 Summon Cactus Giant      Summ           9%         N/A       92%         6
 Haunt                    Necr/Summ      9%         N/A       100%        7
 Summon Hydra             Summ           9%         N/A       100%        7
 Maxwell's Capacitive Co  Air            19%        ∞         100%        8
 Chain Lightning          Conj/Air       29%        3d38      100%        9
 Dragon's Call            Summ           9%         N/A       100%        9
 Shatter                  Erth           9%         3d11*     100%        9


Dungeon Overview and Level Annotations

Branches:
Dungeon (15/15)            Temple (1/1) D:7            Lair (5/5) D:9
 Shoals (3/4) Lair:2        Snake (4/4) Lair:3        Slime (0/5) Lair:5
    Orc (2/2) D:12            Elf (3/3) Orc:2        Vaults (0/5) D:13
 Depths (0/4) D:15         Bailey (visited)

Altars:
Ashenzari
Cheibriados
Dithmenos
Elyvilon
Fedhas
Gozag
Hepliaklqana
Kikubaaqudgha
Makhleb
Nemelex Xobeh
Okawaru
Qazlal
Ru
Sif Muna
Trog
Uskayaw
Vehumet
Wu Jian
Xom
Yredelemnul
Zin
The Shining One
Beogh
Jiyva

Shops:
D:7 (   D:10 ?   Orc:1 *   Orc:2 ?[*:[?   Elf:2 (   Snake:2 (   Snake:3 (

Annotations:
D:14 2 transporters
Lair:1 2 transporters, Fractals's ghost, journeyman MDBe
Shoals:3 Polyphemus


Innate Abilities, Weirdness & Mutations

Your spellcasting is much less encumbered by armour.
You can use scrolls of enchantment on lesser artefacts.


Message History

You are lightly contaminated with residual magic.
You block Polyphemus's attack. Polyphemus closely misses you.
Casting: Irradiate (safe; 1% risk of failure)
Confirm with . or Enter, or press ? or * to list all spells.
You begin to radiate toxic energy.
Polyphemus is poisoned.
You block Polyphemus's attack. Polyphemus hits you!
* * * LOW HITPOINT WARNING * * *
You feel better. Polyphemus hits you but does no damage.
You block Polyphemus's attack.
You riposte.
You puncture Polyphemus!
Polyphemus is severely wounded.
Casting: Olgreb's Toxic Radiance (safe; 1% risk of failure)
Confirm with . or Enter, or press ? or * to list all spells.
You ignite the poison in your surroundings!
Polyphemus seems to burn from within!
Polyphemus is severely wounded.
Polyphemus is poisoned.
Your toxic aura wanes.
Polyphemus hits you but does no damage. Polyphemus closely misses you.
You hit Polyphemus.
Polyphemus is almost dead.
Your unstable footing causes you to fumble your attack.
Polyphemus closely misses you.
You riposte.
Your unstable footing causes you to fumble your attack.
Polyphemus hits you but does no damage.
Your unstable footing causes you to fumble your attack.
You puncture Polyphemus!
Polyphemus is almost dead.
Polyphemus hits you but does no damage. Polyphemus barely misses you.
Aiming: Iceblast
Press: ? - help, Shift-Dir - straight line The mass of ice explodes!
The iceblast engulfs Polyphemus!
Polyphemus is almost dead.
Polyphemus barely misses you. Polyphemus hits you.
* * * LOW HITPOINT WARNING * * *
Aiming: Mindburst
Press: ? - help, Shift-Dir - straight line, f - Polyphemus
Aim: Polyphemus, quivering large rocks (almost dead, poisoned, chance to affect: 73%) Polyphemus struggles to resist.
Polyphemus hits you!!
You die...
Polyphemus says, "You're nobody."

~≈≈≈≈≈~~~~....)..,,,
~≈≈≈≈~~~~~.......,,,
~≈≈≈≈~~~~~.).)...,,,
~≈≈≈≈~~~~~......,,,,
~≈≈≈≈≈~~†~§§$.∆,,,,,
~≈≈≈≈≈~~~†§#*+**,,,,
~≈≈≈≈≈≈≈~~~#{{∆*,,,,
~≈≈≈≈≈≈≈~C~##,**,,,,
~≈≈≈≈≈≈≈~@†~##*,,,,,
~≈≈≈≈≈≈≈~~~..#******
~≈≈≈≈≈≈≈~†<.## *,,**
~≈≈≈≈≈≈≈~~~.# *,~,,
~≈≈≈≈≈≈≈~~..# *,~~~
~≈≈≈≈≈≈≈~~~##***,~~~
~≈≈≈≈≈≈≈~~~.,,,,~~~~
~~≈≈≈≈≈≈~~~~~~~~~~{~
~~≈≈≈≈≈≈~~~~~~~~~~~


You could see Polyphemus (poisoned).

Vanquished Creatures
  Saint Roka (Snake:2)
  Norris (Elf:3)
  A bone dragon (Abyss:2)
  2 deep elf blademasters (Elf:3)
  Asterion (Elf:3)
  2 deep elf master archers (Elf:3)
  Gastronok (Lair:2)
  Frances (D:13)
  Aizul (Snake:1)
  2 nagarajas (Snake:4)
  Kirke (Lair:4)
  5 deep elf sorcerers (Elf:3)
  A very ugly thing (D:15)
  An ironbound preserver (D:13)
  6 deep elf demonologists (Elf:3)
  4 deep elf annihilators (Elf:3)
  2 deep elf death magi (Elf:3)
  A blizzard demon (Abyss:2)
  6 merfolk impalers
  A great orb of eyes (D:15)
  A deep elf high priest (Elf:3)
  5 salamander tyrants (Snake:4)
  Fannar (Lair:2)
  A rakshasa (D:15)
  An ice dragon (Lair:5)
  5 ogre magi
  A merfolk avatar (Shoals:2)
  An alligator snapping turtle (Shoals:1)
  2 boulder beetles
  6 hydras
  2 death knights (D:13)
  31 dancing weapons
  9 anacondas
  2 catoblepae
  A merfolk aquamancer (Shoals:3)
  11 death yaks
  3 centaur warriors
  A two-headed ogre (shapeshifter) (D:15)
  9 shock serpents
  A tengu warrior (D:14)
  21 two-headed ogres
  Urug (D:10)
  An occultist (Abyss:2)
  2 thrashing horrors (Abyss:2)
  10 naga sharpshooters
  13 naga warriors
  17 deep elf knights
  2 salamander mystics
  8 skysharks
  A skeletal warrior (D:13)
  9 mana vipers
  12 sea snakes
  A sixfirhy (Abyss:2)
  Lodul (D:13)
  2 naga ritualists (Snake:2)
  3 lindwurms
  Pikel (D:4)
  9 deep elf archers
  4 harpies (Shoals:2)
  2 thermic dynamos (Elf:3)
  An obsidian bat (Orc:1)
  A wolf spider (Lair:5)
  31 deep elf pyromancers
  7 orc knights (Orc:2)
  27 deep elf zephyrmancers
  28 ugly things
  5 manticores
  2 orc sorcerers (Snake:2)
  5 cyclopes
  20 salamanders
  6 large abominations
  6 fauns
  A meliai (D:8)
  11 guardian serpents
  35 black mambas
  5 elephants
  4 merfolk sirens
  12 naga magi
  2 smoke demons (Abyss:2)
  3 water nymphs
  6 torpor snails
  21 cane toads
  3 rime drakes (Lair:3)
  Maggie (D:6)
  Jeremiah (D:6)
  2 unseen horrors
  3 ancient zymes (Abyss:2)
  3 kobold demonologists
  10 komodo dragons
  3 freezing wraiths (D:13)
  14 merfolk
  A queen bee (Lair:3)
  A harpy zombie (D:10)
  7 trolls
  13 hornets
  3 raiju (Abyss:2)
  4 wind drakes
  2 polar bears
  3 blink frogs (Lair:1)
  Grinder (D:4)
  3 tyrant leeches (Lair:5)
  2 snapping turtles (Shoals:2)
  8 dream sheep
  Sigmund (D:4)
  8 water elementals
  7 wraiths
  A jumping spider (D:9)
  A centaur simulacrum (D:14)
  3 air elementals
  2 shadows (D:12)
  17 slime creatures
  5 basilisks
  19 wyverns
  53 yaks
  2 steam dragons
  11 wargs
  2 redbacks (Lair:5)
  3 hogs (Lair:4)
  8 vampire mosquitoes
  6 small abominations
  A two-headed ogre zombie (D:10)
  Menkaure (D:4)
  Edmund (D:5)
  52 nagas
  4 acid dragons
  18 water moccasins
  32 orc warriors
  An elephant zombie (D:10)
  An ice beast (D:5)
  A black bear (D:8)
  2 laughing skulls (Abyss:2)
  25 ogres
  A sky beast (D:6)
  12 wolves
  3 centaurs
  3 lemures (D:4)
  5 kobold brigands
  A weeping skull (Abyss:2)
  A phantom (D:5)
  13 bullfrogs
  2 earth elementals
  3 gnoll sergeants
  4 scorpions
  7 wights
  46 killer bees
  2 spriggan zombies (D:10)
  9 electric eels
  5 howler monkeys
  3 wolf zombies (D:10)
  A crimson imp (Abyss:2)
  2 centaur zombies (D:10)
  2 hounds
  An iron imp (Abyss:2)
  A hound (shapeshifter) (D:15)
  7 orc priests
  15 starcursed masses (Abyss:2)
  Crazy Yiuf (D:3)
  5 gnoll boudas
  A jelly (D:8)
  5 iguanas
  27 orc wizards
  A hell rat (Lair:3)
  2 killer bee zombies (D:10)
  48 gnolls
  9 adders
  2 white imps
  A dart slug (D:5)
  6 ribbon worms
  97 orcs
  12 ball pythons
  8 endoplasms
  3 giant cockroaches
  22 goblins
  12 hobgoblins
  4 jackals (D:4)
  16 kobolds
  3 quokkas
  11 bats
  5 frilled lizards
  5 rats
1325 creatures vanquished.

Vanquished Creatures (collateral kills)
  2 orc knights (D:12)
  3 yaks (D:11)
  A warg (D:12)
  A wolf (Lair:4)
  An orc wizard (D:12)
8 creatures vanquished.

Vanquished Creatures (others)
  A deep elf zephyrmancer (Elf:1)
  A small abomination (Abyss:2)
  2 wolves (Lair:4)
  An orc wizard (D:7)
  A gnoll (D:6)
  2 orcs
8 creatures vanquished.

Grand Total: 1341 creatures vanquished

Notes
Turn   | Place    | Note
-------+----------+-------------------------------------------
     0 | D:1      | hikkokomori the Mountain Dwarf Fighter began the quest for
                  | the Orb.
     0 | D:1      | Reached XP level 1. HP: 19/19 MP: 1/1
   216 | D:1      | Reached XP level 2. HP: 22/25 MP: 2/2
   813 | D:2      | Reached XP level 3. HP: 33/33 MP: 3/3
  1194 | D:2      | Reached XP level 4. HP: 40/40 MP: 4/4
  1698 | D:3      | Found a radiant altar of Vehumet.
  1768 | D:3      | Reached XP level 5. HP: 42/46 MP: 5/5
  1926 | D:3      | Found a runed translucent door.
  1927 | D:3      | Noticed Crazy Yiuf
  2143 | D:3      | Killed Crazy Yiuf
  2353 | D:4      | Reached skill level 1 in Evocations
  2363 | D:4      | Noticed a lemure
  2363 | D:4      | Noticed a lemure
  2363 | D:4      | Noticed a lemure
  2363 | D:4      | Noticed Pikel
  2371 | D:5      | Entered Level 5 of the Dungeon
  2371 | D:5      | Noticed an ogre
  2389 | D:5      | Killed an ogre
  2390 | D:5      | Reached XP level 6. HP: 53/53 MP: 6/6
  2525 | D:4      | Noticed Menkaure
  2532 | D:4      | Killed Menkaure
  2533 | D:4      | Reached skill level 5 in Fighting
  2533 | D:4      | Reached skill level 5 in Shields
  2649 | D:4      | Killed Pikel
  2650 | D:4      | Reached XP level 7. HP: 20/63 MP: 7/7
  2960 | D:4      | Noticed Grinder
  2963 | D:4      | Paralysed by Grinder for 3 turns
  2975 | D:4      | Killed Grinder
  2976 | D:4      | Reached XP level 8. HP: 68/71 MP: 8/8
  3071 | D:4      | Noticed Sigmund
  3086 | D:4      | Killed Sigmund
  3087 | D:4      | Reached skill level 5 in Evocations
  3094 | D:4      | Identified the +2 dagger of Xom's Castigation {freeze, MP+9
                  | Dex+3}
  3775 | D:5      | Found a sparkling altar of Nemelex Xobeh.
  3995 | D:5      | Noticed a moth of wrath
  3999 | D:5      | Found a bloodstained altar of Trog.
  4029 | D:5      | Identified the +9 whip "Gamobi Koro" {spect, *Corrode Int+6
                  | Stlth+}
  4070 | D:5      | Learned a level 4 spell: Olgreb's Toxic Radiance
  4071 | D:5      | Noticed Edmund
  4084 | D:5      | Killed Edmund
  4085 | D:5      | Reached XP level 9. HP: 57/76 MP: 9/9
  4329 | D:5      | Reached skill level 1 in Spellcasting
  4329 | D:5      | Reached skill level 1 in Alchemy
  4561 | D:6      | Noticed Maggie
  4584 | D:6      | Killed Maggie
  4914 | D:6      | Learned a level 4 spell: Ignite Poison
  5042 | D:6      | Noticed Jeremiah
  5058 | D:6      | Reached skill level 1 in Fire Magic
  5310 | D:7      | Found a staircase to the Ecumenical Temple.
  5319 | Temple   | Entered the Ecumenical Temple
  5355 | Temple   | Became a worshipper of Ashenzari the Shackled
  5789 | D:6      | Killed Jeremiah
  5790 | D:6      | Reached skill level 2 in Fire Magic
  5942 | D:7      | Noticed a cyclops
  5971 | D:6      | Killed a cyclops
  5972 | D:6      | Reached skill level 3 in Fire Magic
  5972 | D:6      | Reached XP level 10. HP: 24/91 MP: 14/14
  6655 | D:7      | Found Xyoth's Antique Weapon Shop.
  7069 | D:7      | Found a snail-covered altar of Cheibriados.
  7322 | D:8      | Paralysed by a hornet for 3 turns
  7326 | D:8      | a hornet changed into a meliai
  7326 | D:8      | Noticed a meliai
  7329 | D:8      | Killed a meliai
  7330 | D:8      | Reached skill level 4 in Fire Magic
  7713 | D:8      | Reached * piety under Ashenzari
  7713 | D:8      | Identified a scroll of acquirement
  7714 | D:8      | Acquired the +0 pair of fencer's gloves {Riposte Dex+3}
  7714 | D:8      | Found the +0 pair of fencer's gloves {Riposte Dex+3}
  7781 | D:8      | Reached skill level 1 in Maces & Flails
  7919 | D:8      | Reached skill level 5 in Fire Magic
  8536 | D:8      | Found a burning altar of Makhleb.
  8705 | D:9      | Identified the +5 whip "Qeph" {pain, Dex+2}
  8756 | D:9      | Found a hazy altar of Hepliaklqana.
  8849 | D:9      | Noticed a two-headed ogre
  8852 | D:9      | a two-headed ogre changed into a jumping spider
  9008 | D:9      | Found a staircase to the Lair.
  9161 | D:9      | Found a blossoming altar of Fedhas.
  9162 | D:9      | Found a white marble altar of Elyvilon.
  9628 | D:10     | Entered Level 10 of the Dungeon
  9629 | D:10     | Noticed Urug
  9671 | D:10     | Killed Urug
  9672 | D:10     | Reached skill level 6 in Fire Magic
  9672 | D:10     | Reached XP level 11. HP: 45/97 MP: 18/18
  9679 | D:10     | Noticed a two-headed ogre
  9683 | D:10     | Killed a two-headed ogre
  9863 | D:10     | Found a flagged portal.
  9871 | Bailey   | Entered a bailey
  9876 | Bailey   | Reached skill level 5 in Spellcasting
 10049 | Bailey   | Reached skill level 5 in Alchemy
 10150 | Bailey   | Acquired the ring of Lies {Ice rElec rN+ rCorr Dex-2}
 10158 | Bailey   | Learned a level 5 spell: Freezing Cloud
 10336 | Bailey   | Found an iron altar of Okawaru.
 10341 | Bailey   | Reached skill level 5 in Armour
 10349 | Bailey   | Reached ** piety under Ashenzari
 10715 | Bailey   | Reached skill level 1 in Polearms
 10847 | D:10     | Acquired 640 gold pieces
 10895 | D:10     | Reached skill level 7 in Fire Magic
 11158 | D:10     | Learned a level 5 spell: Irradiate
 11524 | D:10     | Identified the Catalogue of the Lethal Dead
 11528 | D:10     | Identified the +6 great sword of Saunk {speed, ^Drain
                  | Int+3}
 11891 | D:10     | You fall into a shaft and drop 1 floor!
 12109 | D:11     | Reached *** piety under Ashenzari
 12138 | D:11     | Reached skill level 8 in Fire Magic
 12406 | D:10     | Found an ancient bone altar of Kikubaaqudgha.
 12411 | D:10     | Found Sehaoj's Magic Scroll Boutique.
 12435 | D:10     | Bought a scroll of teleportation for 42 gold pieces
 12711 | D:10     | Found an opulent altar of Gozag.
 12720 | D:10     | Found a shimmering altar of Xom.
 12932 | D:11     | Reached skill level 1 in Conjurations
 12943 | D:11     | Reached XP level 12. HP: 79/108 MP: 23/23
 13740 | Lair:1   | Entered Level 1 of the Lair of Beasts
 14011 | Lair:1   | Reached **** piety under Ashenzari
 14202 | Lair:1   | Reached skill level 1 in Ice Magic
 14375 | Lair:1   | Identified the Discourse on the Frostbound Storm
 14559 | Lair:1   | Found a transporter.
 14680 | Lair:1   | Found a transporter.
 14699 | Lair:1   | Noticed Fractals's ghost (journeyman MDBe)
 14732 | Lair:1   | Reached skill level 5 in Polearms
 14881 | Lair:1   | Found a bloodstained altar of Trog.
 15744 | Lair:2   | Noticed Fannar
 15781 | Lair:2   | Killed Fannar
 15928 | Lair:2   | Found a staircase to the Shoals.
 16061 | Lair:2   | Noticed a boulder beetle
 16095 | Lair:2   | Killed a boulder beetle
 16096 | Lair:2   | Reached XP level 13. HP: 67/116 MP: 26/26
 16332 | Lair:2   | HP: 2/116 [boulder beetle (16)]
 17297 | Lair:2   | Noticed Gastronok
 17314 | Lair:2   | Killed Gastronok
 18009 | D:12     | Reached ***** piety under Ashenzari
 18488 | D:12     | Found a staircase to the Orcish Mines.
 18934 | D:12     | Reached skill level 5 in Conjurations
 19775 | Orc:1    | Entered Level 1 of the Orcish Mines
 20057 | Orc:1    | Reached skill level 1 in Air Magic
 20322 | Orc:1    | Found a shimmering blue altar of Sif Muna.
 20438 | Orc:1    | Found Hemna's General Store.
 20675 | Orc:1    | Identified Sif Muna's Incunable of the Pyromaniac
 20704 | Orc:2    | Entered Level 2 of the Orcish Mines
 20829 | Orc:2    | Reached skill level 10 in Fighting
 20985 | Orc:2    | Found a staircase to the Elven Halls.
 21176 | Orc:2    | Reached skill level 5 in Ice Magic
 21196 | Orc:2    | Reached XP level 14. HP: 102/126 MP: 28/28
 21318 | Orc:2    | Paralysed by an ogre mage for 4 turns
 21591 | Orc:2    | Found a roughly hewn altar of Beogh.
 21665 | Orc:2    | Reached skill level 10 in Armour
 21891 | Orc:2    | Found Vusihuv's Book Boutique.
 21892 | Orc:2    | Found Dunag's Antique Armour Shop.
 21924 | Orc:2    | Found Wumucwaf's Magic Scroll Shoppe.
 22088 | Orc:2    | Found Rajomn's Magic Scroll Shop.
 22097 | Orc:2    | Bought a scroll of blinking for 75 gold pieces
 22097 | Orc:2    | Bought a scroll of revelation for 75 gold pieces
 22386 | Orc:2    | Found Areesoe's Assorted Antiques.
 22386 | Orc:2    | Found Viuv's Armour Boutique.
 22542 | Orc:2    | Bought a phial of floods for 1240 gold pieces
 22542 | Orc:2    | Bought a scroll labelled FECUCS MEJOE for 31 gold pieces
 22792 | Lair:3   | Found a staircase to the Snake Pit.
 23249 | Lair:3   | Reached ****** piety under Ashenzari
 24364 | Lair:4   | Noticed Kirke
 24370 | Lair:4   | Reached skill level 9 in Fire Magic
 24401 | Lair:4   | Identified the +4 sling of the Madman {heavy, Str+3}
 24430 | Lair:4   | Identified the cursed scarf "Ensconced Together" {rC+ rF+,
                  | Fort, Elem} (You found it on level 3 of the Dungeon)
 24430 | Lair:4   | Identified the cursed +0 helmet of Desmomancy {Melee, Cun}
                  | (You found it on level 9 of the Dungeon)
 24430 | Lair:4   | Identified the cursed +0 pair of boots of Supernal Wisdom
                  | {Dev, Fort} (You found it on level 1 of the Dungeon)
 24430 | Lair:4   | Identified the cursed +0 buckler "Cursed Augurer" {Sorc,
                  | Dev}
 24430 | Lair:4   | Identified the cursed +0 plate armour "Cursed Hedonism"
                  | {Sorc, Cun} (You found it on level 3 of the Dungeon)
 24430 | Lair:4   | Identified the cursed ring "Irritation of Ashenzari" {rN+,
                  | Self, Bglg} (You found it on level 9 of the Dungeon)
 24799 | Lair:4   | Identified the ring of Xowkapt {Wiz Int+2}
 25116 | Lair:4   | Killed Kirke
 25427 | Lair:4   | Learned a level 5 spell: Fireball
 25729 | Lair:5   | Entered Level 5 of the Lair of Beasts
 25747 | Lair:5   | Reached XP level 15. HP: 141/141 MP: 10/31
 26005 | Lair:5   | Found a staircase to the Slime Pits.
 26006 | Lair:5   | Found a viscous altar of Jiyva.
 26189 | Lair:5   | Reached skill level 10 in Fire Magic
 27115 | Lair:5   | Learned a level 9 spell: Fire Storm
 27118 | Lair:5   | Identified the orb of Hepliaklqana's Grace {*Rage, Int+3}
 27513 | Lair:5   | Reached skill level 10 in Spellcasting
 27602 | Lair:5   | Reached skill level 11 in Fire Magic
 28631 | D:13     | Noticed Frances
 28638 | D:13     | Killed Frances
 28854 | D:13     | Noticed Lodul
 28858 | D:13     | Killed Lodul
 29193 | D:13     | Found a gate to the Vaults.
 29918 | D:14     | Reached skill level 12 in Fire Magic
 30004 | D:14     | Found a transporter.
 30265 | D:14     | Found a transporter.
 30266 | D:14     | Identified the amulet of Hingoz {Faith +Blink rPois Str-4
                  | Int+4}
 30267 | D:14     | Noticed an acid blob
 30758 | D:15     | Entered Level 15 of the Dungeon
 30826 | D:15     | Reached XP level 16. HP: 124/147 MP: 33/33
 31303 | D:15     | Found a broken altar of Ashenzari.
 31462 | D:15     | Reached skill level 10 in Conjurations
 31582 | D:15     | Reached skill level 1 in Stealth
 31796 | D:15     | Reached skill level 1 in Dodging
 32226 | D:15     | Found a staircase to the Depths.
 32768 | Shoals:1 | Entered Level 1 of the Shoals
 33276 | Shoals:1 | Identified the +6 long sword of Eternity {protect, rPois
                  | Will+ Dex+3}
 33883 | Shoals:1 | Reached skill level 13 in Fire Magic
 34413 | Snake:1  | Entered Level 1 of the Snake Pit
 35422 | Snake:1  | Identified the serpent talisman of the Toothy God {rC+
                  | Dex+3 Slay+2}
 35422 | Snake:1  | Noticed Aizul
 35435 | Snake:1  | Killed Aizul
 36708 | Snake:2  | Noticed Saint Roka
 36721 | Snake:2  | Killed Saint Roka
 37032 | Snake:2  | Reached XP level 17. HP: 156/156 MP: 21/35
 37311 | Snake:2  | Found Pedal Sulu's Weapon Emporium.
 38599 | Snake:3  | Found Wufeicech's Firing Range.
 39147 | Snake:4  | Entered Level 4 of the Snake Pit
 39552 | Snake:4  | Found a blossoming altar of Fedhas.
 39604 | Snake:4  | Reached skill level 14 in Fire Magic
 41940 | Snake:4  | Got a serpentine rune of Zot
 42704 | Elf:1    | Entered Level 1 of the Elven Halls
 42895 | Elf:1    | Reached XP level 18. HP: 161/171 MP: 38/38
 44232 | Elf:2    | Found Ozae's Antique Weapon Emporium.
 44273 | Elf:2    | Reached skill level 15 in Fire Magic
 45218 | Elf:2    | Found a runed translucent gate.
 45218 | Elf:2    | Found a runed translucent gate.
 45218 | Elf:2    | Found a runed translucent gate.
 45601 | Elf:2    | Learned a level 8 spell: Ignition
 47120 | Elf:3    | Entered Level 3 of the Elven Halls
 47137 | Abyss:2  | Cast into level 2 of the Abyss (a deep elf demonologist)
 47147 | Abyss:2  | Found a corrupted altar of Lugonu.
 47368 | Abyss:2  | Noticed a bone dragon
 47467 | Abyss:2  | Noticed a bone dragon
 47482 | Abyss:2  | Killed a bone dragon
 47618 | Abyss:2  | Found a corrupted altar of Lugonu.
 47629 | Abyss:2  | Found a corrupted altar of Lugonu.
 47638 | Abyss:2  | Found a corrupted altar of Lugonu.
 47757 | Elf:3    | Escaped the Abyss
 47761 | Elf:3    | HP: 8/174 [deep elf master archer/arrow (21)]
 47762 | Elf:3    | Reached XP level 19. HP: 9/182 MP: 27/40
 48320 | Elf:3    | Found the +5 demon whip "Spellbinder" {antimagic, disrupt,
                  | Will+}
 48363 | Elf:3    | Reached skill level 10 in Evocations
 48661 | Elf:3    | Reached skill level 16 in Fire Magic
 49115 | Elf:3    | Noticed Norris
 49129 | Elf:3    | Killed Norris
 49544 | Elf:3    | Noticed Asterion
 49555 | Elf:3    | Killed Asterion
 50097 | Elf:3    | Identified Sif Muna's Collected Works on Gases
 50098 | Elf:3    | Identified the +3 falchion of the Rotten God {heavy, rPois
                  | Str+4}
 50099 | Elf:3    | Identified the +8 glaive of the Jester {antimagic, Int+3
                  | Dex+5 SInv Stlth-}
 50099 | Elf:3    | Identified the +0 plate armour of Discretion {Int+5}
 50100 | Elf:3    | Identified the amulet of Midwinter {RegenMP+ Str+3 Int-4
                  | Dex+4}
 50142 | Elf:3    | Identified the staff "Fupunok" {rElec rC+ Hexes Air}
 50142 | Elf:3    | Identified the staff of the End of Times {rF+++ Will- Str-3
                  | Summ Earth}
 50159 | Elf:3    | Identified the +8 battleaxe of the Beginning {distort,
                  | +Blink Int+3 Dex+4}
 50264 | Elf:3    | Identified the +1 steam dragon scales of Orydesi {rPois
                  | Str-4 Slay+5 Stlth+}
 50264 | Elf:3    | Identified the +6 scimitar of Dawn {flame, rElec rF+++ rC-
                  | rCorr}
 52209 | Shoals:3 | Noticed Polyphemus
 52234 | Shoals:3 | Slain by Polyphemus

Illustrated notes

Levels and vault maps discovered:
D:1:      minmay_arrival_hallway, layout_loops_ring, minmay_gold_behind_fungi
D:2:      layout_loops_cross, hex_tiny
D:3:      layout_rooms, mainiacjoe_overflow_alcove_4, uniq_crazy_yiuf_cottage
D:4:      layout_loops_corners, st_stairs_5, uniq_menkaure, uniq_sigmund,
          uniq_grinder, uniq_pikel
D:5:      layout_cave_pools, tgw_trog, mainiacjoe_overflow_alcove_1,
          minmay_misc_feat_tiny, kennysheep_generic_room_12, uniq_edmund
D:6:      layout_rooms, corexii_corridor_pit, uniq_jeremiah, uniq_maggie
D:7:      cheibrodos_helix_gallery, layout_basic, lemuel_crystal_altar,
          minmay_temple_entry_mist, serial_shops, nicolae_shop_stone,
          minmay_manual_monolith
D:8:      layout_loops_ring, lightli_temple_of_fire, minmay_unpleasant_kobolds
D:9:      layout_small_grid, kennysheep_mini, mainiacjoe_overflow_divided_tiny,
          lair_entry_dummy
D:10:     layout_stronghold, mainiacjoe_overflow_swirl, serial_shops, shop,
          enter_bailey_7, st_stairs_7, roadster_capsule_ark_zombie, uniq_urug
D:11:     layout_loops_cross, statue_in_the_mist_lemuel, kennysheep_small_circle
D:12:     layout_irregular_city, david_orc_1_choice, nooodl_orcs_dogs
D:13:     layout_roguey, skrybe_vaults_entry_preservation, uniq_lodul,
          uniq_frances
D:14:     gammafunk_cloud_chamber, layout_irregular_city,
          chequers_serial_rivers_small_3
D:15:     gammafunk_enter_depths_forms, layout_basic, evilmike_ruin_ashenzari
Temple:   nicolae_temple_godzebo
Lair:1:   layout_cellular_growth, gammafunk_ghost_wrathful_warriors
Lair:2:   layout_regular_city, shoals_dummy_entry, nzn_sisyphean_effort,
          grunt_megastairs_5, serial_bayou_shore_b, uniq_fannar, uniq_gastronok
Lair:3:   regret_index_bee_streams, layout_gridlike, dummy_snake_entry,
          grunt_forest_small_clearing_treed, lemuel_fruit_tree
Lair:4:   layout_regular_city, beast_lair_carwin_3, uniq_kirke
Lair:5:   hangedman_lair_tendril_chambers, layout_concentric_octagons, wormcave,
          slime_entry_1, wad_woods_river_04
Shoals:1: layout_shoals
Shoals:2: layout_shoals
Shoals:3: layout_shoals, ebering_ghost_xom, uniq_polyphemus
Snake:1:  layout_honeycomb, grunt_ministairs_14, drop_trap, st_stairs_7,
          serial_bayou_shore_b, uniq_aizul
Snake:2:  layout_layer_cave, serial_shops, nicolae_stop_n_shop_1,
          uniq_saint_roka
Snake:3:  layout_honeycomb, nicolae_shop_firing_range
Snake:4:  grunt_snake_rune_pools, layout_gridlike, basic_altar
Orc:1:    nicolae_orc_accident_3, layout_caves, serial_shops,
          nicolae_shop_real_fake_doors, roderic_batcave, led_sif_book
Orc:2:    st_orc_town, layout_diamond_mine, serial_shops, shop,
          nicolae_square_shop
Elf:1:    nicolae_elf_arrival_aired_out, layout_gridlike,
          hangedman_elven_crosses_minicolossus
Elf:2:    nicolae_elf_blades_splatter_lattice
          [nicolae_blade_entry_hurt_lockers], layout_geoelf_diagonals,
          serial_shops, shop, nicolae_elf_big_sculpture_1
Elf:3:    grunt_elf_hall_branching, layout_loops_corners, minmay_crystal_room,
          uniq_norris, uniq_asterion

Skill      XL: |  1  2  3  4  5  6  7  8  9 10 11 12 13 14 15 16 17 18 19 |
---------------+----------------------------------------------------------+-----
Axes           | 3 4 6 8 9 |  9.9
Fighting       | 4 6 7 9 10 11 12 13 14 | 14.3
Armour         | 4 6 8 9 11 12 | 12.4
Shields        | 4 5 8 9 |  9.6
Evocations     | 1 4 6 8 9 11 | 11.9
Spellcasting   | 3 4 6 7 8 9 10 11 12 13 | 13.5
Alchemy        | 3 4 5 6 7 |  7.2
Fire Magic     | 3 6 8 9 12 13 14 15 16 | 16.6
Maces & Flails | 3 4 |  4.7
Polearms       | 3 5 6 |  6.7
Conjurations   | 1 4 5 7 9 10 11 12 13 | 13.1
Ice Magic      | 3 5 6 |  6.0
Air Magic      | 2 |  2.5
Stealth        | 3 |  3.1
Dodging        | 3 4 |  4.7

Action                     |  1- 3 |  4- 6 |  7- 9 | 10-12 | 13-15 | 16-18 | 19-21 || total
---------------------------+-------+-------+-------+-------+-------+-------+-------++-------
  Melee: War axe           |    52 |       |       |       |       |       |       ||    52
         Hand axe          |    53 |   160 |   352 |   151 |       |       |       ||   716
         Whip              |       |       |       |   189 |       |       |       ||   189
         Lance             |       |       |       |   714 |  1433 |  1459 |   322 ||  3928
         Unarmed           |       |       |       |       |    12 |       |       ||    12
  Throw: Throwing net      |       |       |       |       |     1 |       |       ||     1
   Cast: Olgreb's Toxic Ra |       |       |       |     1 |    59 |    39 |    24 ||   123
         Ignite Poison     |       |       |       |     1 |    38 |    17 |    12 ||    68
         Freezing Cloud    |       |       |       |       |    19 |    92 |    21 ||   132
         Irradiate         |       |       |       |       |     8 |    28 |     9 ||    45
         Fireball          |       |       |       |       |     2 |     4 |       ||     6
         Ignition          |       |       |       |       |       |     8 |       ||     8
 Invoke: Curse Item        |       |       |       |     7 |     4 |     2 |     1 ||    14
         Shatter the Chain |       |       |       |       |     2 |     1 |     1 ||     4
  Evoke: Wand              |       |     1 |    12 |    34 |    24 |    10 |     2 ||    83
         Lightning rod     |       |       |       |       |       |     4 |       ||     4
         Phantom mirror    |       |       |       |       |       |     1 |       ||     1
    Use: Scroll            |       |     8 |     3 |     5 |     4 |     9 |       ||    29
         Potion            |       |     2 |     3 |     5 |     4 |     9 |     1 ||    24
   Stab: Distracted        |       |       |       |     3 |       |     1 |       ||     4
         Invisible         |       |       |       |     2 |     2 |     2 |       ||     6
 Armour: Scale mail        |    97 |    55 |       |       |       |       |       ||   152
         Plate armour      |       |    74 |   307 |   829 |   773 |  1007 |    66 ||  3056
         Skin              |       |     9 |       |       |     9 |       |       ||    18
         Chain mail        |       |       |       |       |       |       |   151 ||   151
  Dodge: Dodged            |    41 |    60 |   101 |   246 |   259 |   298 |    94 ||  1099
  Block: Buckler           |    22 |    43 |    85 |   203 |   209 |   224 |    65 ||   851
Riposte: Whip              |       |       |       |    32 |       |       |       ||    32
         Lance             |       |       |       |    91 |   141 |   126 |    39 ||   397

Table legend: (Time is in decaauts)
 A = Elapsed time spent in this place.
 B = Non-inter-level travel time spent in this place.
 C = Inter-level travel time spent in this place.
 D = Time resting spent in this place.
 E = Time spent auto-exploring this place.
 F = Levels seen in this place.
 G = Mean time per level.
                   A        B        C        D        E       F      G
               +--------+--------+--------+--------+--------+-----+--------+
         Total |  50710 |  48194 |   2516 |   6006 |  34117 |  35 | 1448.9 |
       Dungeon |  19356 |  18374 |    982 |   2084 |  13014 |  15 | 1290.4 |
        Temple |     70 |     36 |     34 |      0 |      0 |   1 |   70.0 |
          Lair |   9220 |   8526 |    694 |    913 |   6277 |   5 | 1844.0 |
        Shoals |   2751 |   2691 |     60 |    132 |   2063 |   3 |  917.0 |
     Snake Pit |   7813 |   7555 |    258 |    656 |   5996 |   4 | 1953.2 |
  Orcish Mines |   2780 |   2541 |    239 |    273 |   1808 |   2 | 1390.0 |
   Elven Halls |   7195 |   6948 |    247 |   1902 |   4048 |   3 | 2398.3 |
         Abyss |    554 |    554 |      0 |     25 |    214 |   1 |  554.0 |
        Bailey |    967 |    967 |      0 |     21 |    695 |   1 |  967.0 |
               +--------+--------+--------+--------+--------+-----+--------+

Top non-repeatable levels by time:
   Elf:2: 3524 daAuts
 Snake:4: 2910 daAuts
 Snake:1: 2370 daAuts
   Elf:3: 2350 daAuts
  Lair:1: 2289 daAuts
  Lair:5: 2158 daAuts
  Lair:2: 1898 daAuts
    D:11: 1894 daAuts
    D:10: 1891 daAuts
   Orc:2: 1852 daAuts
    D:15: 1732 daAuts
    D:13: 1710 daAuts
  Lair:4: 1601 daAuts
Shoals:1: 1560 daAuts
    D:12: 1553 daAuts
